 Dungeon Crawl Stone Soup version 0.31-a0-174-g85c54bcb58 (webtiles) character file.

Game seed: 370113955059949327

141 Moral the Chiller (level 5, 0/44 HPs)
             Began as a Naga Ice Elementalist on June 16, 2023.
             Slain by a sleepcap (5 damage)
             ... on level 4 of the Dungeon.
             The game lasted 00:07:39 (3559 turns).

Moral the Chiller (Naga Ice Elementalist)           Turns: 3559, Time: 00:07:40

Health: 0/44       AC:  2    Str: 11    XL:     5   Next: 24%
Magic:  0/9        EV: 10    Int: 17    God:
Gold:   198        SH:  0    Dex: 17    Spells: 5/9 levels left

rFire   . . .        f - +0 dagger
rCold   . . .        (no shield)
rNeg    . . .        a - +0 robe
rPois   +            (no helmet)
rElec   .            (no cloak)
rCorr   +            (no gloves)
SInv    +            (no barding)
Will    .....        (no amulet)
Stlth   +++          c - ring of resist corrosion
HPRegen 0.27/turn    g - +6 ring of dexterity
MPRegen 0.11/turn

%: no passive effects
@: very slow
A: AC +1, large, see invisible, deformed body, poison resistance, slowness 2,
spit poison 1, naga tail 1
a: Spit Poison


You were on level 4 of the Dungeon.
You visited 1 branch of the dungeon, and saw 4 of its levels.

You collected 198 gold pieces.

Inventory:

Hand Weapons
 f - a +0 dagger (weapon)
Armour
 a - a +0 robe (worn)
Jewellery
 c - a ring of resist corrosion (left hand)
 g - a +6 ring of dexterity (right hand)
Scrolls
 i - 4 scrolls of identify {unknown}
 n - 3 scrolls of enchant armour {unknown}
 p - 2 scrolls of immolation {unknown}
 q - 2 scrolls of revelation {unknown}
 r - 3 scrolls of teleportation {unknown}
 s - a scroll of noise {unknown}
 t - a scroll of blinking {unknown}
Potions
 b - a potion of magic
 d - a potion of invisibility {unknown}
 e - 3 potions of degeneration {unknown}
 h - a potion of mutation {unknown}
 j - 2 potions of heal wounds {unknown}
 k - 2 potions of curing {unknown}
 l - a potion of attraction {unknown}
 m - 2 potions of brilliance {unknown}
 o - 2 potions of resistance {unknown}


   Skills:
 + Level 1.0 Fighting
 + Level 1.0 Short Blades
 + Level 2.0 Dodging
 + Level 4.3 Stealth
 * Level 2.9 Spellcasting
 * Level 4.8 Ice Magic


You had 5 spell levels left.
You knew the following spells:

 Your Spells              Type           Power      Damage    Failure   Level
a - Freeze                Ice            72%        1d8       2%          1
b - Frozen Ramparts       Ice            36%        1d6       8%          3

Your spell library contained the following spells:

 Spells                   Type           Power      Damage    Failure   Level
 Ozocubu's Armour         Ice            18%        N/A       8%          3
 Poisonous Vapours        Pois/Air       4%         N/A       26%         2
 Mephitic Cloud           Conj/Pois/Air  2%         N/A       47%         3
 Summon Ice Beast         Ice/Summ       10%        N/A       54%         4
 Freezing Cloud           Conj/Ice/Air   3%         6-21      94%         5


Dungeon Overview and Level Annotations

Branches:
Dungeon (4/15)
 Temple: D:4-7

Altars:
Elyvilon
Kikubaaqudgha


Innate Abilities, Weirdness & Mutations

Your serpentine skin is tough. (AC +1)
You have supernaturally acute eyesight. (SInv)
Armour fits poorly on your strangely shaped body.
Your system is resistant to poisons. (rPois)
You cover ground very slowly.
You can spit poison.
You have a snake-like lower body.


Message History

The sleepcap is moderately damaged.
The frozen ramparts melt away.
The sleepcap releases spores at you!
Casting: Freeze (safe; 2% risk of failure)
Confirm with . or Enter, or press ? or * to list all spells.
Aiming: Freeze (safe; 2% risk of failure)
Press: ? - help, Shift-Dir - straight line, f/p - sleepcap
Aim: a sleepcap (moderately damaged)
You freeze the sleepcap!
The sleepcap is severely damaged.
The sleepcap misses you.
Casting: Freeze (safe; 2% risk of failure)
Confirm with . or Enter, or press ? or * to list all spells.
You don't have enough magic to cast this spell.
Unknown command.
Casting: Freeze (safe; 2% risk of failure)
Confirm with . or Enter, or press ? or * to list all spells.
Aiming: Freeze (safe; 2% risk of failure)
Press: ? - help, Shift-Dir - straight line, f/p - sleepcap
Aim: a sleepcap (severely damaged)
You freeze the sleepcap.
The sleepcap is severely damaged.
The sleepcap closely misses you.
You can't do that yet.
Unknown command.
You hit the sleepcap.
The sleepcap is almost destroyed.
The sleepcap releases spores at you!
* * * LOW HITPOINT WARNING * * *
You hit the sleepcap but do no damage.
The sleepcap is almost destroyed.
You have got your breath back.
The sleepcap releases spores at you.
* * * LOW HITPOINT WARNING * * *
You hit the sleepcap but do no damage.
The sleepcap is almost destroyed.
The sleepcap barely misses you.
You hit the sleepcap.
The sleepcap is almost destroyed.
The sleepcap releases spores at you.
You die...

## ..# ..# . ..# ...
#'############# ### ..#
##f.##....†.....# .<# #'#
##@...#.########'## ###
##..# ###'†...#.# #........
#....##..##..##.###........
#....)....####.............
##..##....###..###.........
# ##.†##...## #.........
##'#..### #......... #...##
#......... ##### #.########


You could see a sleepcap.

Vanquished Creatures
  7 adders
  3 worms
  4 dart slugs
  10 endoplasms
  2 giant cockroaches
  9 goblins
  4 hobgoblins
  5 kobolds
  3 quokkas
  A ball python (D:4)
  5 bats
  A frilled lizard (D:1)
  5 rats
59 creatures vanquished.

Notes
Turn   | Place    | Note
-------+----------+-------------------------------------------
     0 | D:1      | Moral the Naga Ice Elementalist began the quest for the
                  | Orb.
     0 | D:1      | Reached XP level 1. HP: 15/15 MP: 3/3
    63 | D:1      | Reached XP level 2. HP: 20/22 MP: 3/5
   551 | D:1      | Reached XP level 3. HP: 8/28 MP: 1/6
  1343 | D:2      | Learned a level 3 spell: Frozen Ramparts
  1730 | D:2      | Reached XP level 4. HP: 26/37 MP: 7/7
  1778 | D:2      | Found a faded altar of an unknown god.
  2475 | D:3      | Found a white marble altar of Elyvilon.
  2978 | D:4      | Found an ancient bone altar of Kikubaaqudgha.
  3463 | D:4      | Reached XP level 5. HP: 37/43 MP: 4/9
  3481 | D:4      | Reached skill level 1 in Fighting
  3481 | D:4      | Reached skill level 1 in Short Blades
  3559 | D:4      | Slain by a sleepcap

Illustrated notes

Levels and vault maps discovered:
D:1:      wander_arrival_desolate, layout_basic, minivault_24, st_stairs_8,
          chequers_serial_rivers_small_3, ebering_dispersal_statue_hall
D:2:      layout_loops_ring, nicolae_ecumenical_lake_church
D:3:      layout_rooms, elyvilon_altar_4, nicolae_figureground_sparkle
D:4:      minmay_bubble_buster, layout_basic, nicolae_overflow_hidden_temple

Skill      XL: |  1  2  3  4  5 |
---------------+----------------+-----
Stealth        | 4 |  4.3
Dodging        | 2 |  2.0
Fighting       | 1 |  1.0
Short Blades   | 1 |  1.0
Spellcasting   | |  2.9
Ice Magic      | |  4.8

Action                     |  1- 3 |  4- 6 || total
---------------------------+-------+-------++-------
  Melee: Unarmed           |     4 |       ||     4
         Dagger            |    73 |    86 ||   159
         Punch             |       |     1 ||     1
   Cast: Freeze            |    22 |    12 ||    34
         Frozen Ramparts   |       |     5 ||     5
Ability: Spit Poison       |    12 |     7 ||    19
   Stab: Sleeping          |     2 |     4 ||     6
 Armour: Robe              |    19 |    14 ||    33
  Dodge: Dodged            |    50 |    42 ||    92

Table legend: (Time is in decaauts)
 A = Elapsed time spent in this place.
 B = Non-inter-level travel time spent in this place.
 C = Inter-level travel time spent in this place.
 D = Time resting spent in this place.
 E = Time spent auto-exploring this place.
 F = Levels seen in this place.
 G = Mean time per level.
                   A        B        C        D        E       F      G
               +--------+--------+--------+--------+--------+-----+--------+
         Total |   4498 |   4419 |     79 |    505 |   2999 |   4 | 1124.5 |
       Dungeon |   4498 |   4419 |     79 |    505 |   2999 |   4 | 1124.5 |
               +--------+--------+--------+--------+--------+-----+--------+

Top non-repeatable levels by time:
     D:2: 1614 daAuts
     D:1: 1434 daAuts
     D:4: 773 daAuts
     D:3: 676 daAuts
